 Dungeon Crawl Stone Soup version 0.18-a0-822-gb52b7b4 (webtiles) character file.

14 Raultor the Skirmisher (level 2, 5/24 HPs)
             Began as a Demonspawn Fighter on Dec 16, 2015.
             Quit the game on level 1 of the Dungeon.
             The game lasted 00:00:33 (170 turns).

Raultor the Skirmisher (Demonspawn Fighter)          Turns: 170, Time: 00:00:33

Health: 5/24       AC:  6    Str: 16    XL:     2   Next: 27%
Magic:  2/2        EV:  6    Int:  9    God:
Gold:   27         SH:  8    Dex: 12    Spells: 0 memorised, 1 level left

rFire  . . .     SeeInvis .     a - +0 flail
rCold  . . .     Gourm    .     b - +0 scale mail
rNeg   . . .     Faith    .     c - +0 shield
rPois  .         Spirit   .     (no helmet)
rElec  .         Dismiss  .     (no cloak)
rCorr  .         Reflect  .     (no gloves)
SustAt .         Harm     .     (no boots)
MR     .....                    (no amulet)
Stlth  +.........               (no ring)
                                (no ring)

@: lethally poisoned (5 -> -2), not resistant to hostile enchantments, very
unstealthy
A: nightstalker 1
a: no special abilities


You were on level 1 of the Dungeon.
You were not hungry.

You visited 1 branch of the dungeon, and saw 1 of its levels.

You collected 27 gold pieces.

Inventory:

Hand Weapons
 a - a +0 flail (weapon)
Armour
 b - a +0 scale mail (worn)
 c - a +0 shield (worn)
Potions
 d - a potion of might
 e - a potion of haste {unknown}
Comestibles
 f - a bread ration {@e1}
 g - a beef jerky
 h - a chunk of flesh {@w0}


   Skills:
 + Level 3.2 Fighting
 + Level 2.0 Maces & Flails
 + Level 2.9 Armour
 + Level 2.8 Shields


You had one spell level left.
You didn't know any spells.

Dungeon Overview and Level Annotations

Branches:
Dungeon (1/15)

Altars:


Innate Abilities, Weirdness & Mutations

You are slightly more attuned to the shadows.


Message History

Welcome, Raultor the Demonspawn Fighter.
It is said that the Orb of Zot exists deep within this dungeon, but nobody has ever found it.
Found 10 sling bullets and 6 gold pieces.
Found a staircase leading out of the dungeon.
You see here 10 sling bullets.
A bat comes into view.
A bat is nearby!
You sock the bat!
You kill the bat!
No target in view!
No target in view!
You now have 6 gold pieces.
A kobold comes into view.
The kobold shouts!
A kobold is nearby!
You hit the kobold.
You kill the kobold!
No target in view!
No target in view!
You now have 14 gold pieces (gained 8).
g - a beef jerky A rat comes into view.
The rat bites you but does no damage.
You closely miss the rat. You block the rat's attack. The rat bites you.
You take 1 damage, and have 17/18 hp.
You closely miss the rat. The rat bites you but does no damage.
You sock the rat!
You kill the rat!
No target in view!
You now have 27 gold pieces (gained 13).
A rat comes into view.
Health restored: 18 You block the rat's attack.
You closely miss the rat. You block the rat's attack. The rat bites you.
You take 2 damage, and have 16/18 hp.
You sock the rat!
You kill the rat!
No target in view!
You see here a rat corpse.
You butcher the rat corpse.
h - a chunk of flesh {@w0}
Found a stone staircase leading down.
No target in view!
There is a stone staircase leading down here.
e - a fuming golden potion A kobold comes into view.
It is wielding a dagger.
Health restored: 18 The kobold closely misses you.
You hit the kobold.
You kill the kobold!
No target in view!
Found a stone staircase leading down.
An adder comes into view.
You closely miss the adder. The adder barely misses you.
You block the adder's attack.
You hit the adder but do no damage. The adder completely misses you.
You block the adder's attack.
You closely miss the adder. The adder bites you.
The adder bites you but does no damage.
You take 1 damage, and have 17/18 hp.
You barely miss the adder. The adder bites you.
You are poisoned.
The adder poisons you!
You take 1 damage, and have 16/18 hp.
You closely miss the adder.
You feel sick. You block the adder's attack. The adder bites you.
You take 2 damage, and have 14/18 hp.
You closely miss the adder.
You feel sick. The adder bites you but does no damage. The adder bites you.
You are lethally poisoned!
The adder poisons you!
You take 5 damage, and have 9/18 hp.
MASSIVE DAMAGE!!
You miss the adder.
You feel sick. The adder bites you. The adder barely misses you.
You take 3 damage, and have 6/18 hp.
You hit the adder.
* * * LOW HITPOINT WARNING * * *
You feel sick. You block the adder's attack.
The adder bites you but does no damage.
You take 1 damage, and have 5/18 hp.
You sock the adder!
You kill the adder!
Your Maces & Flails skill increases to level 2!
You have reached level 2!
Your demonic ancestry asserts itself...
You slip into the darkness of the dungeon.
* * * LOW HITPOINT WARNING * * *
You feel sick.
MP restored: 2

### #.# #. ..#
#.# #.# #.#
..# #.#
######### #.#
........# #.#
# ####.##.#
#####.####....
###.#.#.#
#.....@....#
#.###..#
#.###........#
##.#.#####.#
##.#####.#
##...###...#
#.#
##.....##.###
#.#
........#.#
#.#
##......#.#
#.# ##...#.#.#
#..


There were no monsters in sight!

Vanquished Creatures
  An adder (D:1)
  A bat (D:1)
  2 kobolds (D:1)
  2 rats (D:1)
6 creatures vanquished.

Notes
Turn   | Place    | Note
--------------------------------------------------------------
     0 | D:1      | Raultor the Demonspawn Fighter began the quest for the Orb.
     0 | D:1      | Reached XP level 1. HP: 18/18 MP: 1/1
   169 | D:1      | Reached skill level 2 in Maces & Flails
   169 | D:1      | Gained mutation: You are slightly more attuned to the shadows. [demonic ancestry]
   169 | D:1      | Reached XP level 2. HP: 6/24 MP: 2/2
   169 | D:1      | HP: 5/24 [poisoned by an adder]
   170 | D:1      | Quit the game

Vault maps used:
D:1:      roderic_crop_circles_arrival_small, serial_bayou_pond_b

Action                   || total
-------------------------++-------
Melee: Flail             ||    17

Vault maps used:
D:1:      roderic_crop_circles_arrival_small, serial_bayou_pond_b

Table legend:
 A = Turns spent in this place as a percentage of turns spent in the entire game.
 B = Non-inter-level travel turns spent in this place as a percentage of non-inter-level travel turns spent in the entire game.
 C = Inter-level travel turns spent in this place as a percentage of turns spent in this place.
 D = Turns resting spent in this place as a percentage of non-inter-level travel turns spent in this place.
 E = Turns spent auto-exploring this place as a percentage of non-inter-level travel turns spent in this place.
 F = Non-inter-level travel turns spent in this place divided by the number of levels of this place that you've seen.
                   A       B       C       D       E      F
               +-------+-------+-------+-------+-------+----------------------
         Total | 100.0 | 100.0 |   0.0 |   0.0 |  17.3 |  52.0
       Dungeon | 100.0 | 100.0 |   0.0 |   0.0 |  17.3 |  52.0
               +-------+-------+-------+-------+-------+----------------------

Table legend:
 A = Kills in this place as a percentage of kills in entire the game.
 B = Kills by you in this place as a percentage of kills by you in the entire game.
 C = Kills by friends in this place as a percentage of kills by friends in the entire game.
 D = Other kills in this place as a percentage of other kills in the entire game.
 E = Experience gained in this place as a percentage of experience gained in the entire game.
 F = Experience gained in this place divided by the number of levels of this place that you have seen.
                   A       B       C       D       E      F
               +-------+-------+-------+-------+-------+----------------------
         Total | 100.0 | 100.0 |  -nan |  -nan | 100.0 |  20.0
       Dungeon | 100.0 | 100.0 |  -nan |  -nan | 100.0 |  20.0
               +-------+-------+-------+-------+-------+----------------------
